Map: Terrasses de Prion

Players

pupu - Winner!

  • Race: Protoss Protoss
  • League: Silver

Megatron

  • Race: Zerg Zerg
  • League: Silver

VOD

Have the link to the VOD?

Description

Time

  • Played on: April 9, 2016, 3:26 a.m.
  • Length: 16:43
Show
View Real Time Build Order
Export as new Build Order

pupu Protoss - Winner!

Build Orders:  

Get SALT Encoding   

  12  0:01  Probe (Chrono Boost)  
  13  0:11  Probe (Chrono Boost)  
  14  0:20  Pylon  
  14  0:25  Probe (Chrono Boost)  
  15  0:39  Probe (Chrono Boost)  
  15  0:41  Gateway  
  16  0:49  Probe (Chrono Boost)  
  17  0:50  Assimilator  
  17  1:00  Probe (Chrono Boost)  
  18  1:10  Probe (Chrono Boost)  
  19  1:21  Probe (Chrono Boost)  
  19  1:25  Assimilator  
  20  1:31  Probe (Chrono Boost)  
  21  1:35  Cybernetics Core  
  21  1:43  Probe (Chrono Boost)  
  22  1:54  Probe (Chrono Boost)  
  23  2:05  Pylon  
  23  2:12  Nexus  
  23  2:14  Warp Gate (Chrono Boost)  
  23  2:23  Probe (Chrono Boost), Adept  
  23  2:28  Pylon  
  26  2:34  Probe (Chrono Boost)  
  27  2:50  Probe  
  28  2:56  Adept  
  30  3:02  Probe  
  30  3:04  Gateway  
  30  3:05  Gateway  
  31  3:14  Probe  
  32  3:25  Probe, Pylon  
  32  3:26  Probe  
  34  3:37  Probe  
  34  3:39  Probe  
  36  3:45  Adept  
  38  3:52  Twilight Council  
  38  3:54  Forge  
  38  3:59  Probe, Gateway  
  38  4:00  Probe  
  40  4:14  Pylon  
  40  4:23  Adept x2  
  44  4:35  Adept  
  46  4:39  Probe  
  46  4:40  Probe  
  46  4:43  Sentry  
  46  4:45  Sentry  
  52  4:56  Adept  
  54  5:05  Resonating Glaives (Chrono Boost)  
  54  5:07  Gateway  
  54  5:08  Probe  
  54  5:09  Mothership Core, Gateway  
  54  5:11  Gateway  
  54  5:13  Gateway  
  59  5:16  Pylon  
  59  5:20  Probe, Protoss Ground Weapons Level 1 (Chrono Boost), Pylon  
  58  5:23  Pylon  
  58  5:26  Adept x4  
  66  5:30  Probe  
  66  5:32  Probe  
  68  5:53  Adept x3  
  68  5:54  Adept  
  68  5:55  Pylon  
  76  6:13  Pylon  
  76  6:16  Pylon  
  76  6:17  Nexus  
  76  6:30  Gateway  
  76  6:39  Dark Shrine  
  74  6:40  Pylon  
  72  7:08  Adept x2  
  72  7:09  Adept x6  
  88  7:17  Probe x2  
  88  7:22  Stargate  
  90  7:24  Stargate  
  90  7:26  Stargate  
  90  7:28  Probe  
  90  7:30  Probe x2, Pylon  
  90  7:31  Pylon  
  93  7:43  Probe x2  
  95  7:44  Assimilator  
  95  7:46  Assimilator  
  95  7:53  Gateway  
  95  7:54  Probe  
  95  7:55  Probe  
  95  7:56  Probe, Pylon, Assimilator  
  98  7:59  Stalker x4, Pylon  
  98  8:02  Zealot x3  
  98  8:03  Zealot  
  103  8:20  Pylon  
  103  8:22  Pylon  
  80  8:37  Stalker x4  
  82  8:51  Stalker x2  
  86  8:56  Zealot x2  
  90  9:24  Stalker x3  
  92  9:43  Stalker x2  
  96  10:07  Assimilator  
  96  10:08  Stalker x5  
  96  10:12  Zealot x3  
  96  10:13  Zealot  
  114  10:29  Void Ray x2  
  98  10:48  Dark Templar  
  98  10:49  Dark Templar  
  78  10:53  Zealot x5  
  78  10:54  Zealot x3  
  78  11:00  Probe x2  
  80  11:09  Void Ray  
  84  11:11  Void Ray  
  84  11:14  Zealot  
  84  11:15  Zealot x5  
  84  11:16  Zealot x2  
  104  11:27  Void Ray  
  108  11:33  Protoss Shields Level 1 (Chrono Boost), Probe  
  108  11:35  Probe x2  
  111  11:51  Dark Templar x3  
  111  11:53  Pylon  
  117  11:57  Zealot x3  
  117  11:58  Zealot  
  89  12:27  Zealot  
  89  12:28  Zealot x7  
  89  12:29  Zealot x2  
  61  13:22  Dark Templar x2  
  61  13:23  Dark Templar x6  
  61  13:24  Dark Templar x2  
  79  13:55  Zealot x3  
  81  13:56  Zealot x6  
  97  14:18  Archon x3  
  97  14:19  Archon x2  
  97  14:26  Nexus  
  97  14:30  Pylon  
  97  14:33  Pylon  
  97  14:35  Sentry x2  
  101  14:43  Dark Templar  
  103  14:56  Dark Templar  
  103  14:57  Dark Templar  
  93  15:25  Dark Templar x5  
  99  15:42  Archon x2  
  99  15:43  Archon  
  99  15:46  Dark Templar x3  
  105  15:55  Void Ray  
Show
View Real Time Build Order
Export as new Build Order

Megatron Zerg 

Build Orders: Hatch First 

Get SALT Encoding   

  12  0:03  Drone  
  13  0:15  Drone  
  14  0:41  Hatchery  
  13  0:43  Drone  
  13  0:47  Extractor  
  13  0:49  Drone  
  14  0:52  Overlord  
  14  1:16  Spawning Pool  
  14  1:17  Drone  
  14  1:24  Drone x2  
  16  1:42  Drone x2  
  18  1:54  Drone  
  18  1:57  Drone  
  20  2:08  Metabolic Boost  
  20  2:14  Queen  
  22  2:26  Zergling x6  
  25  2:34  Spore Crawler  
  25  2:36  Overlord  
  24  2:49  Roach Warren  
  23  2:56  Drone x2  
  25  3:01  Drone x3  
  28  3:10  Queen  
  30  3:16  Drone x2  
  32  3:22  Extractor  
  31  3:28  Zergling x4  
  31  3:34  Overlord x2  
  33  3:47  Spine Crawler  
  32  3:50  Drone  
  32  3:55  Drone x3  
  35  3:56  Drone x3  
  35  4:02  Lair  
  39  4:20  Roach x2  
  39  4:21  Roach x2  
  39  4:22  Roach x2  
  51  4:36  Drone  
  52  4:39  Overlord x3  
  52  5:02  Hatchery  
  52  5:05  Extractor  
  52  5:06  Roach x3  
  56  5:09  Roach x3  
  56  5:10  Glial Reconstitution  
  62  5:17  Evolution Chamber  
  61  5:22  Evolution Chamber  
  61  5:25  Drone x4  
  64  5:38  Ravager  
  64  5:39  Ravager x3  
  64  5:40  Ravager  
  66  5:58  Spine Crawler  
  66  6:00  Spine Crawler  
  68  6:04  Roach x3  
  68  6:08  Zergling x8  
  68  6:09  Zergling x2  
  74  6:44  Drone x2  
  74  6:45  Drone  
  74  6:46  Roach  
  79  7:07  Overlord  
  79  7:08  Overlord x4  
  79  7:12  Extractor  
  78  7:27  Roach x2  
  78  7:28  Roach x3  
  88  7:40  Zerg Missile Weapons Level 1  
  88  7:41  Zerg Ground Armor Level 1  
  88  7:45  Roach  
  88  7:49  Drone x2  
  92  7:52  Drone x2  
  92  7:53  Drone  
  65  8:53  Roach x6  
  65  8:54  Roach x3  
  65  8:55  Roach x5  
  93  9:07  Tunneling Claws  
  93  9:16  Infestation Pit  
  92  9:36  Roach x5  
  92  9:37  Roach  
  92  9:38  Roach x5  
  109  9:39  Roach  
  113  9:48  Burrow  
  113  10:01  Zerg Missile Weapons Level 2  
  113  10:02  Zerg Ground Armor Level 2  
  113  10:10  Zergling x2  
  113  10:11  Zergling x2  
  115  10:17  Drone  
  116  10:22  Overlord x2  
  97  10:50  Roach x2  
  97  10:51  Roach x3  
  97  10:52  Roach x5  
  111  10:58  Queen  
  113  11:12  Roach x33  
  113  11:26  Hatchery  
  112  11:33  Ravager x6  
  112  11:34  Queen, Ravager  
  112  11:35  Roach x4  
  112  11:37  Roach  
  131  11:42  Overlord x2  
  131  11:43  Hatchery, Overlord x2  
  130  11:59  Hatchery  
  93  12:10  Queen  
  58  12:30  Hydralisk Den  
  57  12:41  Drone  
  46  13:11  Roach  
  46  13:12  Roach x4, Hydralisk x4  
  54  13:13  Hydralisk x2  
  54  13:14  Hydralisk x2  
  68  13:20  Drone x3  
  63  13:30  Overseer x2  
  59  13:39  Roach x4  
  59  13:40  Roach x5  
  53  14:03  Hydralisk x6  
  53  14:09  Drone  
  66  14:17  Drone x2  
  66  14:23  Drone  
  69  14:36  Spore Crawler  
  68  14:49  Drone x3  
  68  14:51  Drone  
  68  14:52  Drone x2  
  74  14:55  Queen  
  76  15:10  Spore Crawler  
  55  15:28  Roach x6  
  43  15:29  Roach x3  
  51  15:45  Drone x3  
  51  15:48  Drone  
  51  16:13  Roach  
  51  16:14  Roach x2  
Tags
 
Add a new tag
Caveats
  • Supply blocks, unpowered buildings, or Contaminate may cause inaccurate times.
  • Supply counts are checked every 10 seconds.